 Dungeon Crawl Stone Soup version 0.29-a0-668-g12ee2bf84d (webtiles) character file.

Game seed: 9870717477650096275

4333 Newt the Twirler (level 10, -4/74 HPs)
             Began as a Demonspawn Abyssal Knight on June 23, 2022.
             Was a High Priest of Lugonu.
             Slain by a yak (13 damage)
             ... on level 9 of the Dungeon.
             The game lasted 00:32:40 (10406 turns).

Newt the Twirler (Demonspawn Abyssal Knight)       Turns: 10406, Time: 00:32:40

Health: -4/74      AC:  2    Str: 22    XL:     10   Next: 12%
Magic:  0/17       EV: 11    Int: 14    God:    Lugonu [*****.]
Gold:   409        SH:  0    Dex: 15    Spells: 17/18 levels left

rFire   + . .      SeeInvis .   f - staff of death
rCold   . . .      Faith    .   (no shield)
rNeg    + . .      Spirit   +   L - +1 robe of Narcissism {rElec rF+ Int+2 Stlth-}
rPois   .          Reflect  .   n - +0 helmet
rElec   +          Harm     .   (no cloak)
rCorr   .          Rampage  .   (no gloves)
Will    +....                   (no boots)
Stlth   ..........              i - amulet of guardian spirit
HPRegen 0.22/turn               o - ring of willpower
MPRegen 0.15/turn               G - +6 ring of strength

@: corroded
A: foul stench 3, sharp scales 2, demonic touch 2
a: Renounce Religion, Depart the Abyss, Bend Space, Banish, Corrupt, Enter the
Abyss


You were on level 9 of the Dungeon.
You worshipped Lugonu.
Lugonu was extremely pleased with you.
You visited 2 branches of the dungeon, and saw 10 of its levels.
You visited the Abyss 1 time.
You also visited: Sewer.

You collected 409 gold pieces.

Inventory:

Hand Weapons
 a - a +1 spear
Missiles
 k - 4 poisoned darts
Armour
 b - a +0 leather armour
 n - a +0 helmet (worn)
 r - a +0 scale mail of positive energy
 L - the +1 robe of Narcissism (worn) {rElec rF+ Int+2 Stlth-}
   (You found it on level 8 of the Dungeon)

   Int:       It affects your intelligence (+2).
   rF:        It protects you from fire.
   rElec:     It insulates you from electricity.
   Stlth:     It makes you less stealthy.
Magical Staves
 f - a staff of death (weapon)
 j - a staff of air
Jewellery
 i - an amulet of guardian spirit (around neck)
 o - a ring of willpower (left hand)
 s - an amulet of reflection
 G - a +6 ring of strength (right hand)
 H - a ring of poison resistance
 J - a +4 ring of slaying
Wands
 x - a wand of iceblast (2)
 C - a wand of paralysis (9)
 K - a wand of light (5)
 O - a wand of flame (10)
Scrolls
 g - 4 scrolls of magic mapping
 l - 2 scrolls of fear {unknown}
 m - a scroll of teleportation
 p - 3 scrolls of enchant weapon {unknown}
 t - 4 scrolls of vulnerability {unknown}
 w - 5 scrolls of brand weapon {unknown}
 y - 3 scrolls of noise {unknown}
 B - 4 scrolls of amnesia {unknown}
 F - a scroll of blinking {unknown}
 M - a scroll of identify
 N - a scroll of immolation {unknown}
Potions
 c - 3 potions of curing
 d - a potion of ambrosia
 e - 4 potions of haste
 h - 5 potions of flight
 q - a potion of degeneration
 u - a potion of magic {unknown}
 v - 3 potions of mutation
 z - a potion of might
 A - a potion of heal wounds
 D - a potion of attraction
 E - a potion of cancellation
 I - a potion of berserk rage


   Skills:
 + Level 5.3 Fighting
 - Level 1.7(4.7) Polearms
 * Level 7.0(7.1) Staves
 + Level 6.5 Armour
 - Level 0.8 Dodging
 * Level 4.7 Spellcasting
 * Level 5.6 Necromancy
 - Level 1.3 Air Magic
 + Level 2.6 Invocations
 * Level 5.1 Evocations


You had 17 spell levels left.
You knew the following spells:

 Your Spells              Type           Power      Damage    Failure   Level
a - Necrotize             Necr           100%       1d9       1%          1

Your spell library contained the following spells:

 Spells                   Type           Power      Damage    Failure   Level
 Apportation              Tloc           6%         N/A       19%         1
 Foxfire                  Conj/Fire      12%        2x1d4     19%         1
 Sandblast                Erth           6%         2d5       19%         1
 Summon Small Mammal      Summ           12%        N/A       19%         1
 Poisonous Vapours        Pois/Air       10%        N/A       21%         2
 Static Discharge         Conj/Air       5%         N/A       21%         2
 Ensorcelled Hibernation  Hex/Ice        6%         N/A       26%         2
 Passwall                 Tmut/Erth      2%         N/A       26%         2
 Confusing Touch          Hex            3%         N/A       47%         3
 Conjure Flame            Conj/Fire      3%         6-21      47%         3
 Gell's Gravitas          Tloc           3%         N/A       47%         3
 Ignite Poison            Fire/Tmut/Pois 3%         N/A       47%         3
 Inner Flame              Hex/Fire       3%         N/A       47%         3
 Stone Arrow              Conj/Erth      6%         3d7       47%         3
 Teleport Other           Tloc           3%         N/A       47%         3
 Corpse Rot               Necr/Pois/Air  14%        N/A       56%         4
 Flame Wave               Conj/Fire      3%         2d4       87%         4
 Sticky Flame             Conj/Fire      3%         2d3       87%         4
 Lightning Bolt           Conj/Air       2%         1d14      98%         5
 Yara's Violent Unravell  Hex/Tmut       1%         3d3       99%         5
 Dispersal                Tloc           1%         N/A       100%        6
 Enfeeble                 Hex            1%         N/A       100%        7
 Maxwell's Capacitive Co  Air            3%         ∞         100%        8


Dungeon Overview and Level Annotations

Branches:
Dungeon (9/15)             Temple (1/1) D:6           Sewer (visited)
   Lair: D:8-11         Orc: D:9-12

Altars:
Dithmenos
Elyvilon
Kikubaaqudgha
Okawaru
Qazlal
Ru
Sif Muna
Trog
Yredelemnul
The Shining One

Shops:
D:4 (


Innate Abilities, Weirdness & Mutations

You frequently emit foul miasma when damaged in melee.
You are mostly covered in razor-sharp scales. (AC +2, Slay +2)
Your touch may inflict irresistible damage on your foes.


Message History

You touch the acid dragon!
You kill the acid dragon!
Lugonu accepts your kill.
Your Staves skill increases to level 7!
A yak comes into view.
The yak bellows!
The yak gores you!
You emit a cloud of foul miasma!
You hit the yak.
The yak is lightly wounded.
The yak is engulfed in dark miasma.
The yak is poisoned.
The yak gores you!
You hit the yak.
The yak writhes in agony.
The yak is heavily wounded.
The yak is engulfed in dark miasma.
The yak looks even sicker.
The yak seems to slow down.
The yak gores you!
You hit the yak but do no damage.
The yak writhes in agony.
The yak is severely wounded.
The yak gores you.
The yak is engulfed in dark miasma.
The yak looks even sicker.
The yak seems to slow down.
The yak gores you.
You hit the yak but do no damage.
The yak writhes in agony!
The yak is lightly wounded.
The yak gores you!
* * * LOW HITPOINT WARNING * * *
You emit a cloud of foul miasma!
You hit the yak.
The yak is moderately wounded.
The yak is engulfed in dark miasma.
The yak looks as sick as possible!
The yak seems to slow down.
The yak is engulfed in dark miasma.
The yak is poisoned.
The yak barely misses you.
You hit the yak but do no damage.
The yak writhes in agony.
Your touch misses the yak.
The yak is heavily wounded.
The yak is engulfed in dark miasma.
The yak looks even sicker.
The yak seems to slow down.
The yak gores you!
* * * LOW HITPOINT WARNING * * *
You feel better. The yak gores you!
* * * LOW HITPOINT WARNING * * *
You emit a cloud of foul miasma!
You feel better.
The yak is engulfed in dark miasma.
The yak looks even sicker.
The yak gores you!
You die...

... .. ###..# ###
.. #.$..##..
..###.##.#..
..........###
#...##<#...##
#...##†..#..#
#..Y°@.....# ##
#...YY^...<###..©.
#.................
####......†#######
#.......#
#.......#
#########


You could see 3 yaks.

Vanquished Creatures
  The ghost of Shayle the Ducker, a novice TeBr of Kikubaaqudgha (D:8)
  Prince Ribbit (D:8)
  4 yaks (D:8)
  A wyvern (D:7)
  An acid dragon (D:9)
  2 water moccasins
  2 orc warriors
  An ice beast (D:6)
  2 sky beasts (D:8)
  4 ogres
  2 phantoms
  A centaur (D:8)
  5 bullfrogs
  2 necrophages
  2 scorpions (D:5)
  3 howler monkeys (D:7)
  5 hounds
  3 jellies (D:5)
  4 orc priests
  A gnoll shaman (D:7)
  Jessica (D:2)
  Terence (D:2)
  4 orc wizards
  3 iguanas
  A merfolk siren (Sewer)
  A merfolk avatar (Sewer)
  Robin (D:2)
  3 gnolls (D:7)
  3 river rats
  7 adders
  3 white imps
  A worm (D:4)
  3 dart slugs
  15 orcs
  18 ball pythons
  3 bats
  3 endoplasms
  6 giant cockroaches
  15 goblins
  10 hobgoblins
  10 jackals
  3 quokkas (Sewer)
  2 frilled lizards
  7 kobolds
  19 rats
190 creatures vanquished.

Vanquished Creatures (others)
  A plant (D:6)
1 creature vanquished.

Grand Total: 191 creatures vanquished

Notes
Turn   | Place    | Note
-------+----------+-------------------------------------------
     0 | Abyss:1  | Newt the Demonspawn Abyssal Knight began the quest for the
                  | Orb.
     0 | Abyss:1  | Reached XP level 1. HP: 18/18 MP: 2/2
    37 | D:1      | Escaped the Abyss
   100 | D:1      | Reached ** piety under Lugonu
   115 | D:1      | Found Ypsimux's Weapon Shop.
   228 | D:1      | Gained mutation: Your touch may inflict minor irresistible
                  | damage on your foes. [demonic ancestry]
   228 | D:1      | Reached XP level 2. HP: 12/24 MP: 3/3
   587 | D:1      | You fall into a shaft and drop 1 floor!
   662 | D:2      | Noticed Terence
   724 | D:2      | Found a faded altar of an unknown god.
  1224 | D:1      | Reached skill level 1 in Necromancy
  1446 | D:2      | Gained mutation: You may rarely emit foul miasma when
                  | damaged in melee. [demonic ancestry]
  1446 | D:2      | Reached XP level 3. HP: 22/29 MP: 4/4
  1455 | D:2      | Reached skill level 1 in Evocations
  1559 | D:2      | Noticed Robin
  1577 | D:2      | Killed Robin
  2042 | D:2      | Reached *** piety under Lugonu
  2043 | D:2      | Gained mutation: You sometimes emit foul miasma when
                  | damaged in melee. [demonic ancestry]
  2043 | D:2      | Reached XP level 4. HP: 36/37 MP: 3/5
  2201 | D:2      | Killed Terence
  2417 | D:2      | Noticed Jessica
  2421 | D:2      | Killed Jessica
  2422 | D:2      | Reached skill level 1 in Air Magic
  3091 | D:3      | Reached skill level 1 in Staves
  3377 | D:4      | Found a stormy altar of Qazlal.
  3387 | D:4      | Found a shadowy altar of Dithmenos.
  3454 | D:4      | Found Icveg's Weapon Boutique.
  3455 | D:4      | Noticed a phantom
  3473 | D:4      | Killed a phantom
  3474 | D:4      | Gained mutation: Your touch may inflict irresistible damage
                  | on your foes. [demonic ancestry]
  3474 | D:4      | Reached XP level 5. HP: 28/42 MP: 3/6
  3795 | D:4      | Reached skill level 2 in Staves
  4036 | D:4      | Reached XP level 6. HP: 48/48 MP: 7/7
  4902 | D:5      | Entered Level 5 of the Dungeon
  4912 | D:5      | Reached skill level 1 in Spellcasting
  5335 | D:5      | Gained mutation: You frequently emit foul miasma when
                  | damaged in melee. [demonic ancestry]
  5335 | D:5      | Reached XP level 7. HP: 51/54 MP: 6/9
  5375 | D:5      | Reached skill level 3 in Staves
  5524 | D:5      | Found a bloodstained altar of Trog.
  5677 | D:5      | Learned a level 1 spell: Necrotize
  5680 | D:5      | Found a shimmering blue altar of Sif Muna.
  5684 | D:5      | Got Sif Muna's Reference Book on the Glacier
  5975 | D:5      | Reached XP level 8. HP: 61/61 MP: 11/11
  6284 | D:6      | Reached skill level 4 in Staves
  6540 | D:6      | Reached **** piety under Lugonu
  6671 | D:6      | Found a glowing drain.
  6684 | Sewer    | Entered a sewer
  7083 | D:6      | Found a staircase to the Ecumenical Temple.
  7098 | Temple   | Entered the Ecumenical Temple
  7443 | D:6      | Reached skill level 5 in Armour
  8081 | D:6      | Reached skill level 5 in Staves
  8420 | D:7      | Gained mutation: You are partially covered in razor-sharp
                  | scales. (AC +1, Slay +1) [demonic ancestry]
  8420 | D:7      | Reached XP level 9. HP: 36/66 MP: 7/14
  8712 | D:7      | Reached ***** piety under Lugonu
  9289 | D:8      | Identified the +1 robe of Narcissism {rElec rF+ Int+2
                  | Stlth-}
  9302 | D:8      | Found a large runed translucent door.
  9303 | D:8      | Found a large runed translucent door.
  9308 | D:8      | Noticed Shayle's ghost (novice TeBr)
  9338 | D:8      | Killed Shayle's ghost
  9339 | D:8      | Reached skill level 5 in Necromancy
  9465 | D:8      | Found an ancient bone altar of Kikubaaqudgha.
  9519 | D:8      | Found an iron altar of Okawaru.
  9538 | D:8      | Noticed Prince Ribbit
  9561 | D:8      | Reached skill level 5 in Fighting
  9561 | D:8      | Reached skill level 6 in Staves
  9575 | D:8      | Killed Prince Ribbit
  9646 | D:8      | Reached skill level 5 in Evocations
  9646 | D:8      | Gained mutation: You are mostly covered in razor-sharp
                  | scales. (AC +2, Slay +2) [demonic ancestry]
  9646 | D:8      | Reached XP level 10. HP: 26/74 MP: 3/16
 10089 | D:9      | Noticed a two-headed ogre
 10398 | D:9      | Reached skill level 7 in Staves
 10405 | D:9      | HP: 3/74 [yak (13)]
 10406 | D:9      | Slain by a yak

Illustrated notes

Levels and vault maps discovered:
D:1:      dpeg_arrival_tiny_i, layout_basic, serial_shops, nicolae_shop_crystal
D:2:      layout_basic, hellmonk_ecumenical_altar_run_dry, uniq_terence,
          uniq_robin, uniq_jessica
D:3:      layout_basic
D:4:      layout_layer_cave, grunt_dithmenos_smoke_and_mirrors,
          grunt_qazlal_clouds, serial_shops,
          nicolae_shop_temple_entry_statues_fountains
D:5:      layout_rooms, nzn_overflow_gifts_of_might_and_magic
D:6:      layout_cave_pools, minmay_temple_entry_overgrown,
          portal_sewer_entry_b, hangedman_abyss_or_decor_jellyfish_corner,
          nrook_pool_corridor
D:7:      minmay_evil_eye, layout_basic, nicolae_wu_jian_immortal_techniques,
          elyvilon_altar_5, corexii_hall_statues_l, st_stairs_11,
          hangedman_abyss_or_decor_stagger
D:8:      layout_rooms, nicolae_overflow_crystal_walls, general_overflow_altar,
          mainiacjoe_overflow_chevrons, ebering_ghost_disaster_area,
          serial_park_tiny_pond, minmay_crystal_water, uniq_prince_ribbit1
D:9:      gammafunk_jiyva_shrine, layout_rooms, nemelex_spade_bored_becter
Temple:   minmay_temple_curvy_loop

Skill      XL: |  1  2  3  4  5  6  7  8  9 10 |
---------------+-------------------------------+-----
Armour         | 2 3 4 5 6 |  6.5
Necromancy     | 1 2 3 4 5 |  5.6
Evocations     | 1 2 3 5 |  5.1
Air Magic      | 1 |  1.3
Staves         | 1 2 3 5 6 7 |  7.0
Fighting       | 4 5 |  5.3
Spellcasting   | 1 2 3 4 |  4.7
Polearms       | |  1.7
Dodging        | |  0.8
Invocations    | |  2.6

Action                   |  1- 3 |  4- 6 |  7- 9 | 10-12 || total
-------------------------+-------+-------+-------+-------++-------
Melee: Spear             |    28 |       |       |       ||    28
       Staff             |    92 |   152 |   349 |    25 ||   618
       Touch             |    18 |    31 |    70 |     5 ||   124
       Punch             |       |     1 |     2 |       ||     3
Throw: Dart              |     1 |       |     2 |       ||     3
 Cast: Necrotize         |       |       |    28 |       ||    28
Invok: Depart the Abyss  |     1 |       |       |       ||     1
Evoke: Wand              |       |       |     9 |     1 ||    10
  Use: Scroll            |     1 |     2 |     9 |     2 ||    14
       Potion            |       |       |     2 |     3 ||     5
 Stab: Paralysed         |       |       |     6 |       ||     6
Armor: Leather armour    |    55 |     5 |       |       ||    60
       Scale mail        |       |    60 |    95 |       ||   155
       Robe              |       |       |    13 |    13 ||    26
Dodge: Dodged            |    93 |    74 |   114 |    13 ||   294

Table legend: (Time is in decaauts)
 A = Elapsed time spent in this place.
 B = Non-inter-level travel time spent in this place.
 C = Inter-level travel time spent in this place.
 D = Time resting spent in this place.
 E = Time spent auto-exploring this place.
 F = Levels seen in this place.
 G = Mean time per level.
                   A        B        C        D        E       F      G
               +--------+--------+--------+--------+--------+-----+--------+
         Total |  10458 |  10352 |    106 |   2599 |   5256 |  12 |  871.5 |
       Dungeon |   9971 |   9865 |    106 |   2599 |   5065 |   9 | 1107.9 |
        Temple |     32 |     32 |      0 |      0 |      0 |   1 |   32.0 |
         Abyss |     37 |     37 |      0 |      0 |     34 |   1 |   37.0 |
         Sewer |    417 |    417 |      0 |      0 |    157 |   1 |  417.0 |
               +--------+--------+--------+--------+--------+-----+--------+

Top non-repeatable levels by time:
     D:4: 1531 daAuts
     D:7: 1494 daAuts
     D:5: 1369 daAuts
     D:2: 1267 daAuts
     D:1: 1206 daAuts
     D:6: 1098 daAuts
     D:8: 1034 daAuts
     D:3: 882 daAuts
   Sewer: 417 daAuts
     D:9: 85 daAuts
 Abyss:1: 37 daAuts
  Temple: 32 daAuts
